 Dungeon Crawl Stone Soup version 0.31-a0-221-gbddc013574 (webtiles) character file.

Game seed: 9344193969043558023

26598 qw the Marksgargoyle (level 13, -2/82 HPs)
             Began as a Gargoyle Hexslinger on July 3, 2023.
             Was a High Priest of Okawaru.
             Slain by a six-headed hydra (9 damage)
             ... on level 4 of the Lair of Beasts.
             The game lasted 00:05:04 (11202 turns).

qw the Marksgargoyle (Gargoyle Hexslinger)         Turns: 11202, Time: 00:05:04

Health: -2/82      AC: 21    Str: 11    XL:     13   Next: 27%
Magic:  20/20      EV: 23    Int: 20    God:    Okawaru [*****.]
Gold:   526        SH:  0    Dex: 25    Spells: 13/14 levels left

rFire   + . .        Y - +0 arbalest (elec)
rCold   . . .        (shield currently unavailable)
rNeg    + + +        r - +1 robe {Will+}
rPois   inf          v - +0 helmet of Zaok {*Slow rN++ Int+3 SInv}
rElec   +            w - +1 cloak
rCorr   .            n - +1 pair of gloves {infuse}
SInv    +            m - +0 pair of boots of Music {Dex+6}
Will    +....        k - amulet of faith
Stlth   +++          (no ring)
HPRegen 0.33/turn    a - ring of protection from fire
MPRegen 0.17/turn

%: slow self (1%), faith, infuse magic (1 MP)
@: about to teleport, heroic
A: sickness immunity, AC +9, negative energy resistance 1, electricity
resistance, torment resistance 1, petrification resistance, hooves 1, agile 1,
clever 1
a: Renounce Religion, Heroism, Finesse, Duel


You were on level 4 of the Lair of Beasts.
You worshipped Okawaru.
Okawaru was extremely pleased with you.
You visited 3 branches of the dungeon, and saw 14 of its levels.

You collected 796 gold pieces.
You spent 270 gold pieces at shops.


Innate Abilities, Weirdness & Mutations

You are immune to sickness and miasma.
Your stone body is resilient. (AC +9)
You are immune to poison.
You resist negative energy. (rN+)
You are resistant to electric shocks. (rElec)
You are resistant to unholy torment.
You are immune to petrification.
You have large cloven feet.
You are agile. (Dex +4, Str/Int -1)
Your mind is acute. (Int +4, Str/Dex -1)


   Skills:
 - Level 10.0(15.0) Fighting
 + Level 15.7(20.7) Ranged Weapons
 - Level 4.0(9.0) Armour
 - Level 7.0(12.0) Dodging
 - Level 1.0 Spellcasting
 - Level 2.6 Hexes
 - Level 10.0 Invocations


You had 13 spell levels left.
You knew the following spells:

 Your Spells              Type           Power      Damage    Failure   Level
a - Slow                  Hex            44%        N/A       6%          1

Your spell library contained the following spells:

 Spells                   Type           Power      Damage    Failure   Level
 Inner Flame              Hex/Fire       6%         N/A       30%         3
 Portal Projectile        Hex/Tloc       12%        N/A       30%         3
 Cause Fear               Hex            5%         N/A       50%         4

Inventory:

Hand Weapons
 Y - a +0 arbalest of electrocution (weapon)
Armour
 d - a +0 ring mail
 m - the +0 pair of boots of Music (worn) {Dex+6}
   (You found it on level 3 of the Dungeon)

   Dex:       It affects your dexterity (+6).
 n - a +1 pair of gloves of infusion (worn)
 r - a +1 robe of willpower (worn)
 v - the +0 helmet of Zaok (worn) {*Slow rN++ Int+3 SInv}
   (Okawaru gifted it to you on level 3 of the Lair of Beasts)

   Int:       It affects your intelligence (+3).
   rN:        It greatly protects you from negative energy.
   SInv:      It lets you see invisible.
   *Slow:     It may slow you when you take damage.
 w - a +1 cloak (worn)
 x - a +0 helmet
Jewellery
 a - a ring of protection from fire (right hand)
 b - a ring of positive energy
 f - the amulet "Ongoun" {RegenMP rC++ Will+ Str+4}
   (You acquired it on level 2 of the Dungeon)

   [amulet of magic regeneration]

   It increases your rate of magic regeneration.
   Str:       It affects your strength (+4).
   rC:        It greatly protects you from cold.
   Will:      It increases your willpower.
 k - an amulet of faith (around neck)
 l - a ring of ice
 o - a ring of positive energy
 p - an amulet of reflection
 u - the amulet "Azxaoru" {Acrobat rElec Int-2 Dex+3 Stlth+}
   (You found it on level 2 of the Lair of Beasts)

   [amulet of the acrobat]

   It increases your evasion while moving and waiting.
   Int:       It affects your intelligence (-2).
   Dex:       It affects your dexterity (+3).
   rElec:     It insulates you from electricity.
   Stlth:     It makes you more stealthy.
Wands
 e - a wand of digging (3)
Scrolls
 q - a scroll of identify
 s - a scroll of teleportation
Potions
 c - 2 potions of curing
 g - a potion of enlightenment
 h - 4 potions of haste
 i - 2 potions of might
 j - 2 potions of magic
 t - a potion of heal wounds

Dungeon Overview and Level Annotations

Branches:
Dungeon (8/15)             Temple (1/1) D:4            Lair (5/5) D:8
  Swamp (0/4) Lair:2       Spider (0/4) Lair:2        Slime (0/5) Lair:4

Altars:
Ashenzari
Cheibriados
Dithmenos
Elyvilon
Fedhas
Gozag
Hepliaklqana
Kikubaaqudgha
Makhleb
Nemelex Xobeh
Okawaru
Qazlal
Ru
Sif Muna
Trog
Uskayaw
Vehumet
Wu Jian
Xom
Yredelemnul
Zin
The Shining One
Jiyva

Shops:
D:7 ?[   D:8 (


Message History

You shoot a bolt.
The bolt barely misses the komodo dragon.
The six-headed hydra completely misses you.
The six-headed hydra bites you but does no damage.
The six-headed hydra completely misses you.
The six-headed hydra barely misses you. The six-headed hydra misses you.
The six-headed hydra bites you. The komodo dragon bites you!!
11198 ||| STAIRDANCE The komodo dragon misses you.
The six-headed hydra bites you but does no damage. x2
The six-headed hydra misses you. The six-headed hydra bites you.
The six-headed hydra closely misses you.
The six-headed hydra completely misses you.
You climb upwards.
There is a stone staircase leading down here.
You shoot a bolt. The bolt hits the komodo dragon!
Lightning courses through the komodo dragon!
The komodo dragon is heavily wounded.
The komodo dragon completely misses you.
The six-headed hydra completely misses you.
The six-headed hydra barely misses you.
The six-headed hydra bites you but does no damage.
The six-headed hydra misses you. The six-headed hydra barely misses you.
The six-headed hydra misses you.
You shoot a bolt.
The bolt closely misses the komodo dragon.
The komodo dragon barely misses you. The six-headed hydra bites you!
The six-headed hydra bites you.
The six-headed hydra closely misses you.
The six-headed hydra misses you.
The six-headed hydra bites you but does no damage.
The six-headed hydra bites you!
11202 ||| READING 2 scrolls of teleportation.
As you read the scroll of teleportation, it crumbles to dust.
You feel strangely unstable.
The komodo dragon completely misses you.
The six-headed hydra closely misses you.
The six-headed hydra bites you but does no damage.
The six-headed hydra bites you!
You die...

#### ########### ## ### #P.#
#^.#..#.#.####.###.. ##.#
##..@l............... ##.#
#....D<.............. #P.##
#.................... ##..#
#.................... ##
#.####....................
.#######.##.#....................
.............)...................
..####.#............#####..##P...
.## ###............# ##..#####


You could see a six-headed hydra and a komodo dragon.

Vanquished Creatures
  Gastronok (Lair:3)
  A catoblepas (Lair:2)
  3 death yaks (D:8)
  A skyshark (Lair:3)
  12 elephants
  3 black mambas
  9 cane toads
  A rime drake (Lair:4)
  8 komodo dragons
  A meliai (Lair:2)
  A polar bear (Lair:5)
  A hornet (D:8)
  9 blink frogs
  5 dream sheep (Lair:3)
  A wyvern (Lair:3)
  23 yaks
  3 basilisks
  A steam dragon (D:8)
  2 death yak simulacra (Lair:3)
  11 water moccasins
  3 orc warriors
  4 ice beasts
  A black bear (D:6)
  6 wolves
  An ogre (D:5)
  A centaur (D:8)
  A phantom (D:5)
  2 kobold brigands (D:8)
  15 bullfrogs
  A scorpion (D:5)
  A cane toad simulacrum (Lair:3)
  4 wights (D:8)
  9 killer bees
  2 howler monkeys
  3 jellies
  2 orc priests
  A gnoll bouda (D:8)
  4 hounds
  A sleepcap (D:7)
  Jessica (D:2)
  3 iguanas
  6 orc wizards
  A hell rat (D:8)
  A polar bear simulacrum (Lair:3)
  16 gnolls
  3 adders
  2 white imps
  An ufetubus (D:7)
  4 worms
  2 dart slugs
  18 orcs
  3 bats (D:1)
  4 endoplasms
  5 giant cockroaches
  3 goblins
  3 hobgoblins
  6 jackals
  14 kobolds
  10 quokkas
  6 ball pythons
  6 frilled lizards
  5 rats
282 creatures vanquished.

Notes
Turn   | Place    | Note
-------+----------+-------------------------------------------
     0 | D:1      | qw the Gargoyle Hexslinger began the quest for the Orb.
     0 | D:1      | Reached XP level 1. HP: 12/12 MP: 2/2
     0 | D:1      | 0 ||| qw: Version: 0.3-a-40-ge99b1a8
     0 | D:1      | 0 ||| qw: Game counter: 513
     0 | D:1      | 0 ||| qw: Melee chars always use a shield: true
     0 | D:1      | 0 ||| qw: God list: Okawaru
     0 | D:1      | 0 ||| qw: Allow faded altars: false
     0 | D:1      | 0 ||| qw: Do Orc after clearing Dungeon:15 true
     0 | D:1      | 0 ||| qw: Do second Lair branch before Depths: true
     0 | D:1      | 0 ||| qw: Lair rune preference: random
     0 | D:1      | 0 ||| qw: Goals: Normal
     0 | D:1      | 0 ||| PLANNING D:1-11
   197 | D:1      | Reached XP level 2. HP: 16/16 MP: 3/3
   256 | D:1      | Reached skill level 3 in Ranged Weapons
   343 | D:1      | Found a faded altar of an unknown god.
   382 | D:1      | Reached XP level 3. HP: 20/20 MP: 4/4
   730 | D:1      | 730 ||| UPGRADING to +0 ring mail.
   740 | D:1      | 740 ||| DROPPING +0 robe.
   741 | D:1      | 741 ||| UPGRADING to amulet of guardian spirit.
   746 | D:1      | 746 ||| READING scroll labelled FIEDAO YJEWA.
   747 | D:1      | 747 ||| READING scroll labelled ALEAXZ NUTEM.
   748 | D:1      | 748 ||| READING scroll labelled DUFIDW GASCH.
   749 | D:1      | 749 ||| READING scroll labelled BOPOR QOOVUUM.
   750 | D:1      | 750 ||| DROPPING scroll of poison.
   777 | D:2      | Noticed Jessica
   785 | D:2      | Killed Jessica
   786 | D:2      | Reached XP level 4. HP: 26/26 MP: 5/5
   813 | D:2      | Reached skill level 4 in Ranged Weapons
   971 | D:2      | Reached skill level 1 in Armour
   972 | D:2      | 972 ||| FLEEEEING.
  1393 | D:2      | 1393 ||| UPGRADING to ring of positive energy.
  1394 | D:2      | 1394 ||| READING scroll labelled CYM TYOPTARUE.
  1394 | D:2      | Identified a scroll of acquirement
  1394 | D:2      | 1394 ||| ACQUIRING amulet "Ongoun" {RegenMP rC++ Will+
                  | Str+4}
  1394 | D:2      | Acquired the amulet "Ongoun" {RegenMP rC++ Will+ Str+4}
  1396 | D:2      | 1396 ||| UPGRADING to amulet "Ongoun" {RegenMP rC++ Will+
                  | Str+4}.
  1406 | D:2      | 1406 ||| DROPPING amulet of guardian spirit.
  1407 | D:2      | 1407 ||| DRINKING 3 golden potions.
  1514 | D:3      | Reached XP level 5. HP: 17/30 MP: 6/6
  1646 | D:3      | Found a shimmering blue altar of Sif Muna.
  1887 | D:3      | Reached skill level 5 in Ranged Weapons
  1914 | D:3      | Identified the +0 pair of boots of Music {Dex+6}
  1916 | D:3      | 1916 ||| UPGRADING to +0 pair of gloves.
  1921 | D:3      | 1921 ||| UPGRADING to +0 pair of boots of Music {Dex+6}.
  1926 | D:3      | 1926 ||| DRINKING 2 sedimented amethyst potions.
  2015 | D:4      | Found a staircase to the Ecumenical Temple.
  2016 | D:4      | 2016 ||| PLANNING TEMPLE
  2021 | Temple   | Entered the Ecumenical Temple
  2022 | Temple   | 2022 ||| PLANNING OKAWARU WORSHIP
  2059 | Temple   | Became a worshipper of Warmaster Okawaru
  2060 | Temple   | 2060 ||| PLANNING D:1-11
  2093 | D:4      | Noticed an ice beast
  2109 | D:4      | Killed an ice beast
  2110 | D:4      | Reached XP level 6. HP: 29/38 MP: 7/7
  2414 | D:4      | 2414 ||| Stepping ~*~*~tactically~*~*~ (outnumbered).
  2416 | D:4      | 2416 ||| Stepping ~*~*~tactically~*~*~ (outnumbered).
  2418 | D:4      | 2418 ||| Stepping ~*~*~tactically~*~*~ (outnumbered).
  2440 | D:4      | 2440 ||| FLEEEEING.
  2441 | D:4      | 2441 ||| FLEEEEING.
  2442 | D:4      | 2442 ||| FLEEEEING.
  2445 | D:4      | HP: 9/38 [orc/+0 short sword (2)]
  2699 | D:4      | 2699 ||| UPGRADING to +1 robe of willpower.
  2709 | D:4      | 2709 ||| READING scroll labelled LEPOKL UTWURGH.
  2710 | D:4      | 2710 ||| READING scroll labelled YBRECUERIO.
  2711 | D:4      | 2711 ||| DRINKING 2 coppery potions.
  2712 | D:4      | 2712 ||| DROPPING potion of brilliance.
  2740 | D:5      | Entered Level 5 of the Dungeon
  2846 | D:5      | Reached skill level 6 in Ranged Weapons
  2854 | D:5      | Reached XP level 7. HP: 26/43 MP: 8/8
  2987 | D:5      | 2987 ||| FLEEEEING.
  2990 | D:5      | 2990 ||| FLEEEEING.
  2991 | D:5      | 2991 ||| FLEEEEING.
  2992 | D:5      | 2992 ||| FLEEEEING.
  2993 | D:5      | 2993 ||| FLEEEEING.
  2994 | D:5      | 2994 ||| FLEEEEING.
  2995 | D:5      | 2995 ||| FLEEEEING.
  2996 | D:5      | 2996 ||| FLEEEEING.
  2997 | D:5      | 2997 ||| FLEEEEING.
  2998 | D:5      | 2998 ||| FLEEEEING.
  2999 | D:5      | 2999 ||| FLEEEEING.
  3000 | D:5      | 3000 ||| FLEEEEING.
  3001 | D:5      | 3001 ||| FLEEEEING.
  3008 | D:5      | Reached * piety under Okawaru
  3013 | D:5      | 3013 ||| INVOKING Heroism.
  3239 | D:5      | 3239 ||| SWAPPING to +0 arbalest.
  3242 | D:5      | Reached skill level 7 in Ranged Weapons
  3242 | D:5      | Reached skill level 1 in Invocations
  3242 | D:5      | 3242 ||| DROPPING +2 sling.
  3641 | D:5      | 3641 ||| UPGRADING to amulet of faith.
  3651 | D:5      | 3651 ||| DRINKING 2 blue potions.
  3652 | D:5      | 3652 ||| DRINKING 3 bubbling white potions.
  3653 | D:5      | 3653 ||| DRINKING 2 orange potions.
  3654 | D:5      | 3654 ||| DRINKING 2 potions of curing.
  3654 | D:5      | 3654 ||| (to cure confusion)
  3655 | D:5      | 3655 ||| DROPPING potion of invisibility.
  3656 | D:5      | 3656 ||| DROPPING potion of ambrosia.
  3727 | D:6      | 3727 ||| INVOKING Heroism.
  3728 | D:6      | HP: 9/43 [white imp/puff of frost (10)]
  3913 | D:6      | Reached XP level 8. HP: 48/48 MP: 8/10
  3915 | D:6      | 3915 ||| FLEEEEING.
  3917 | D:6      | 3917 ||| FLEEEEING.
  3993 | D:6      | 3993 ||| INVOKING Heroism.
  3995 | D:6      | Reached skill level 3 in Invocations
  4100 | D:6      | 4100 ||| INVOKING Heroism.
  4321 | D:6      | Reached skill level 8 in Ranged Weapons
  4377 | D:6      | Found a sacrificial altar of Ru.
  4514 | D:6      | 4514 ||| READING scroll labelled FOYROA LEFF.
  4515 | D:6      | 4515 ||| DRINKING 2 yellow potions.
  4515 | D:6      | Gained mutation: You occasionally lose the ability to read
                  | scrolls when taking damage. [potion of mutation]
  4515 | D:6      | Gained mutation: Your muscles are strong. (Str +4, Int/Dex
                  | -1) [potion of mutation]
  4515 | D:6      | Gained mutation: You possess an exceptional clarity of
                  | mind. [potion of mutation]
  4516 | D:6      | 4516 ||| DRINKING potion of mutation.
  4516 | D:6      | Lost mutation: You possess an exceptional clarity of mind.
                  | [potion of mutation]
  4516 | D:6      | Lost mutation: Your muscles are strong. (Str +4, Int/Dex
                  | -1) [potion of mutation]
  4516 | D:6      | Lost mutation: You occasionally lose the ability to read
                  | scrolls when taking damage. [potion of mutation]
  4516 | D:6      | Gained mutation: You are agile. (Dex +4, Str/Int -1)
                  | [potion of mutation]
  4516 | D:6      | Gained mutation: Your mind is acute. (Int +4, Str/Dex -1)
                  | [potion of mutation]
  4516 | D:6      | Gained mutation: You have large cloven feet. [potion of
                  | mutation]
  4560 | D:7      | Found Uxzalacs's Magic Scroll Boutique.
  4561 | D:7      | 4561 ||| STAIRDANCE
  4565 | D:7      | 4565 ||| STAIRDANCE
  4569 | D:7      | 4569 ||| STAIRDANCE
  4573 | D:7      | 4573 ||| STAIRDANCE
  4577 | D:7      | 4577 ||| STAIRDANCE
  4581 | D:7      | 4581 ||| STAIRDANCE
  4585 | D:7      | 4585 ||| STAIRDANCE
  4589 | D:7      | 4589 ||| STAIRDANCE
  4593 | D:7      | 4593 ||| STAIRDANCE
  4597 | D:7      | 4597 ||| STAIRDANCE
  4601 | D:7      | 4601 ||| STAIRDANCE
  4605 | D:7      | 4605 ||| STAIRDANCE
  4611 | D:7      | 4611 ||| STAIRDANCE
  4615 | D:7      | 4615 ||| STAIRDANCE
  4619 | D:7      | 4619 ||| STAIRDANCE
  4623 | D:7      | 4623 ||| STAIRDANCE
  4627 | D:7      | 4627 ||| STAIRDANCE
  4631 | D:7      | 4631 ||| STAIRDANCE
  4635 | D:7      | 4635 ||| STAIRDANCE
  4639 | D:7      | 4639 ||| STAIRDANCE
  4657 | D:7      | 4657 ||| BUYING scroll of identify (28 gold).
  4657 | D:7      | Bought a scroll of identify for 28 gold pieces
  4657 | D:7      | 4657 ||| BUYING scroll of identify (28 gold).
  4657 | D:7      | Bought a scroll of identify for 28 gold pieces
  4659 | D:7      | 4659 ||| INVOKING Heroism.
  4694 | D:7      | Reached skill level 3 in Dodging
  4733 | D:7      | Found Cetoliw's Armour Boutique.
  4742 | D:7      | 4742 ||| SHOPLISTING +1 leather armour of the Fiend {MP+9
                  | Int+4} (536 gold, have 221).
  4742 | D:7      | 4742 ||| BUYING +1 pair of gloves of infusion (214 gold).
  4742 | D:7      | Bought a +1 pair of gloves of infusion for 214 gold pieces
  4866 | D:7      | Reached ** piety under Okawaru
  4867 | D:7      | Reached XP level 9. HP: 50/54 MP: 12/12
  4903 | D:7      | 4903 ||| UPGRADING to +1 pair of gloves of infusion.
  4913 | D:7      | 4913 ||| DROPPING +0 pair of gloves.
  4914 | D:7      | 4914 ||| UPGRADING to ring of protection from fire.
  4915 | D:7      | 4915 ||| READING 2 scrolls labelled DON WOBLEM NUTASCH.
  4916 | D:7      | 4916 ||| READING scroll of brand weapon.
  4916 | D:7      | 4916 ||| BRANDING +0 arbalest of flaming.
  4917 | D:7      | 4917 ||| READING scroll labelled DUAGRU HETALO.
  4918 | D:7      | 4918 ||| DRINKING 2 viscous cyan potions.
  4919 | D:7      | 4919 ||| DRINKING 2 green potions.
  4920 | D:7      | 4920 ||| READING 3 scrolls of identify.
  4920 | D:7      | 4920 ||| IDENTIFYING lumpy yellow potion
  4921 | D:7      | 4921 ||| DROPPING potion of attraction.
  5069 | D:8      | Reached skill level 9 in Ranged Weapons
  5071 | D:8      | 5071 ||| STAIRDANCE
  5108 | D:8      | 5108 ||| INVOKING Heroism.
  5112 | D:8      | Reached skill level 6 in Fighting
  5147 | D:8      | 5147 ||| INVOKING Heroism.
  5193 | D:8      | Noticed a hornet
  5198 | D:8      | Killed a hornet
  5199 | D:8      | Reached skill level 10 in Ranged Weapons
  5352 | D:8      | Noticed a death yak
  5352 | D:8      | Noticed a death yak
  5353 | D:8      | 5353 ||| INVOKING Heroism.
  5354 | D:8      | Noticed a death yak
  5356 | D:8      | 5356 ||| Stepping ~*~*~tactically~*~*~ (outnumbered).
  5363 | D:8      | Killed a death yak
  5363 | D:8      | Reached *** piety under Okawaru
  5369 | D:8      | HP: 3/55 [death yak (18)]
  5370 | D:8      | Killed a death yak
  5371 | D:8      | Reached XP level 10. HP: 4/64 MP: 13/13
  5373 | D:8      | Killed a death yak
  5373 | D:8      | Reached **** piety under Okawaru
  5375 | D:8      | 5375 ||| INVOKING Heroism.
  5376 | D:8      | HP: 4/64 [gnoll/+0 halberd[a gnoll bouda] (2)]
  5394 | D:8      | 5394 ||| INVOKING Heroism.
  5415 | D:8      | 5415 ||| INVOKING Heroism.
  5436 | D:8      | 5436 ||| FLEEEEING.
  5437 | D:8      | 5437 ||| FLEEEEING.
  5438 | D:8      | 5438 ||| FLEEEEING.
  5439 | D:8      | 5439 ||| FLEEEEING.
  5440 | D:8      | 5440 ||| FLEEEEING.
  5441 | D:8      | 5441 ||| FLEEEEING.
  5590 | D:8      | Found a staircase to the Lair.
  5646 | D:8      | 5646 ||| INVOKING Heroism.
  5650 | D:8      | Reached skill level 11 in Ranged Weapons
  5922 | D:8      | 5922 ||| Stepping ~*~*~tactically~*~*~ (outnumbered).
  5924 | D:8      | 5924 ||| Stepping ~*~*~tactically~*~*~ (outnumbered).
  5926 | D:8      | 5926 ||| Stepping ~*~*~tactically~*~*~ (outnumbered).
  5929 | D:8      | 5929 ||| Stepping ~*~*~tactically~*~*~ (outnumbered).
  5935 | D:8      | 5935 ||| Stepping ~*~*~tactically~*~*~ (outnumbered).
  5983 | D:8      | Found Iheomn's Weapon Shoppe.
  6080 | D:8      | Found a burning altar of Makhleb.
  6089 | D:8      | 6089 ||| PLANNING LAIR
  6165 | Lair:1   | Entered Level 1 of the Lair of Beasts
  6178 | Lair:1   | 6178 ||| INVOKING Heroism.
  6211 | Lair:1   | 6211 ||| INVOKING Heroism.
  6216 | Lair:1   | Noticed a cane toad
  6228 | Lair:1   | Killed a cane toad
  6229 | Lair:1   | Reached skill level 12 in Ranged Weapons
  6230 | Lair:1   | Reached ***** piety under Okawaru
  6237 | Lair:1   | Reached XP level 11. HP: 57/68 MP: 15/15
  6237 | Lair:1   | 6237 ||| INVOKING Heroism.
  6239 | Lair:1   | Reached skill level 6 in Invocations
  6255 | Lair:1   | 6255 ||| INVOKING Heroism.
  6361 | Lair:1   | 6361 ||| INVOKING Heroism.
  6396 | Lair:1   | Identified the +0 scale mail "Yqev" {rElec Int+6} (Okawaru
                  | gifted it to you on level 1 of the Lair of Beasts)
  6396 | Lair:1   | Received a gift from Okawaru
  6398 | Lair:1   | 6398 ||| INVOKING Heroism.
  6401 | Lair:1   | HP: 17/68 [elephant (9)]
  6409 | Lair:1   | Reached skill level 13 in Ranged Weapons
  6410 | Lair:1   | 6410 ||| FLEEEEING.
  6411 | Lair:1   | 6411 ||| FLEEEEING.
  6412 | Lair:1   | 6412 ||| FLEEEEING.
  6413 | Lair:1   | 6413 ||| FLEEEEING.
  6414 | Lair:1   | 6414 ||| FLEEEEING.
  6415 | Lair:1   | 6415 ||| FLEEEEING.
  6416 | Lair:1   | 6416 ||| FLEEEEING.
  6417 | Lair:1   | 6417 ||| FLEEEEING.
  6418 | Lair:1   | 6418 ||| FLEEEEING.
  6419 | Lair:1   | 6419 ||| FLEEEEING.
  6421 | Lair:1   | 6421 ||| FLEEEEING.
  6422 | Lair:1   | 6422 ||| FLEEEEING.
  6423 | Lair:1   | 6423 ||| FLEEEEING.
  6424 | Lair:1   | 6424 ||| FLEEEEING.
  6425 | Lair:1   | 6425 ||| FLEEEEING.
  6426 | Lair:1   | 6426 ||| FLEEEEING.
  6427 | Lair:1   | 6427 ||| FLEEEEING.
  6428 | Lair:1   | 6428 ||| FLEEEEING.
  6429 | Lair:1   | 6429 ||| FLEEEEING.
  6430 | Lair:1   | 6430 ||| FLEEEEING.
  6431 | Lair:1   | 6431 ||| FLEEEEING.
  6432 | Lair:1   | 6432 ||| FLEEEEING.
  6433 | Lair:1   | 6433 ||| FLEEEEING.
  6434 | Lair:1   | 6434 ||| FLEEEEING.
  6435 | Lair:1   | 6435 ||| FLEEEEING.
  6436 | Lair:1   | 6436 ||| STAIRDANCE
  6592 | Lair:1   | 6592 ||| STAIRDANCE
  6758 | Lair:1   | 6758 ||| INVOKING Heroism.
  6795 | Lair:1   | 6795 ||| INVOKING Heroism.
  6804 | Lair:1   | Reached skill level 9 in Invocations
  6866 | Lair:1   | 6866 ||| INVOKING Heroism.
  6873 | Lair:1   | Reached skill level 9 in Fighting
  7112 | Lair:1   | 7112 ||| INVOKING Heroism.
  7264 | Lair:2   | 7264 ||| INVOKING Heroism.
  7390 | Lair:2   | Reached XP level 12. HP: 76/76 MP: 19/19
  7488 | Lair:2   | Reached skill level 6 in Dodging
  7520 | Lair:2   | You fall into a shaft and drop 1 floor!
  7692 | Lair:3   | 7692 ||| DROPPING ring of flight.
  7693 | Lair:3   | 7693 ||| READING 2 scrolls labelled WOMEYTETRU.
  7696 | Lair:3   | Noticed Gastronok
  7697 | Lair:3   | 7697 ||| INVOKING Heroism.
  7703 | Lair:3   | HP: 6/76 [Gastronok/the air (17)]
  7704 | Lair:3   | 7704 ||| READING scroll of teleportation.
  7791 | Lair:3   | 7791 ||| INVOKING Heroism.
  7922 | Lair:3   | 7922 ||| READING 2 scrolls of identify.
  7922 | Lair:3   | 7922 ||| IDENTIFYING silvery potion
  7923 | Lair:3   | 7923 ||| Stepping randomly (stuck).
  7924 | Lair:3   | 7924 ||| Stepping randomly (stuck).
  7925 | Lair:3   | 7925 ||| Stepping randomly (stuck).
  7926 | Lair:3   | 7926 ||| Stepping randomly (stuck).
  7927 | Lair:3   | 7927 ||| Stepping randomly (stuck).
  7928 | Lair:3   | 7928 ||| Stepping randomly (stuck).
  7929 | Lair:3   | 7929 ||| Stepping randomly (stuck).
  7930 | Lair:3   | 7930 ||| Stepping randomly (stuck).
  7931 | Lair:3   | 7931 ||| Stepping randomly (stuck).
  7932 | Lair:3   | 7932 ||| Stepping randomly (stuck).
  7933 | Lair:3   | 7933 ||| Stepping randomly (stuck).
  7934 | Lair:3   | 7934 ||| Stepping randomly (stuck).
  7935 | Lair:3   | 7935 ||| Stepping randomly (stuck).
  7936 | Lair:3   | 7936 ||| Stepping randomly (stuck).
  7937 | Lair:3   | 7937 ||| Stepping randomly (stuck).
  7938 | Lair:3   | 7938 ||| Stepping randomly (stuck).
  7939 | Lair:3   | 7939 ||| Stepping randomly (stuck).
  7940 | Lair:3   | 7940 ||| Stepping randomly (stuck).
  7941 | Lair:3   | 7941 ||| Stepping randomly (stuck).
  7942 | Lair:3   | 7942 ||| Stepping randomly (stuck).
  7943 | Lair:3   | 7943 ||| Stepping randomly (stuck).
  7944 | Lair:3   | 7944 ||| Stepping randomly (stuck).
  7945 | Lair:3   | 7945 ||| Stepping randomly (stuck).
  7946 | Lair:3   | 7946 ||| Stepping randomly (stuck).
  7947 | Lair:3   | 7947 ||| Stepping randomly (stuck).
  7948 | Lair:3   | 7948 ||| Stepping randomly (stuck).
  7949 | Lair:3   | 7949 ||| Stepping randomly (stuck).
  7950 | Lair:3   | 7950 ||| Stepping randomly (stuck).
  7951 | Lair:3   | 7951 ||| Stepping randomly (stuck).
  7952 | Lair:3   | 7952 ||| Stepping randomly (stuck).
  7953 | Lair:3   | 7953 ||| Stepping randomly (stuck).
  7954 | Lair:3   | 7954 ||| Stepping randomly (stuck).
  7955 | Lair:3   | 7955 ||| Stepping randomly (stuck).
  7956 | Lair:3   | 7956 ||| Stepping randomly (stuck).
  7996 | Lair:2   | Found a staircase to the Swamp.
  8227 | Lair:2   | Found a hole to the Spider Nest.
  8228 | Lair:2   | 8228 ||| INVOKING Heroism.
  8366 | Lair:2   | Identified the amulet "Azxaoru" {Acrobat rElec Int-2 Dex+3
                  | Stlth+}
  8398 | Lair:2   | 8398 ||| INVOKING Heroism.
  8426 | Lair:2   | Noticed a catoblepas
  8427 | Lair:2   | 8427 ||| INVOKING Finesse.
  8436 | Lair:2   | Killed a catoblepas
  8437 | Lair:2   | Reached skill level 14 in Ranged Weapons
  8717 | Lair:2   | 8717 ||| DROPPING +6 ring of intelligence.
  8848 | Lair:3   | Identified the +0 helmet of Zaok {*Slow rN++ Int+3 SInv}
                  | (Okawaru gifted it to you on level 3 of the Lair of Beasts)
  8848 | Lair:3   | Received a gift from Okawaru
  8859 | Lair:3   | 8859 ||| INVOKING Heroism.
  9013 | Lair:3   | Noticed a skyshark
  9017 | Lair:3   | Killed a skyshark
  9048 | Lair:3   | 9048 ||| INVOKING Heroism.
  9063 | Lair:3   | Reached skill level 15 in Ranged Weapons
  9425 | Lair:3   | 9425 ||| INVOKING Heroism.
  9431 | Lair:3   | Killed Gastronok
  9432 | Lair:3   | Reached XP level 13. HP: 82/82 MP: 18/20
  9896 | Lair:3   | 9896 ||| UPGRADING to +0 helmet of Zaok {*Slow rN++ Int+3
                  | SInv}.
  9901 | Lair:3   | 9901 ||| REMOVING ring of positive energy.
  9902 | Lair:3   | 9902 ||| UPGRADING to +1 cloak.
  9907 | Lair:3   | 9907 ||| DROPPING amulet of magic regeneration.
  9908 | Lair:3   | 9908 ||| READING scroll labelled KEXIRR SUSCHIGA.
 10050 | Lair:4   | 10050 ||| INVOKING Heroism.
 10052 | Lair:4   | Reached skill level 3 in Armour
 10127 | Lair:4   | 10127 ||| INVOKING Heroism.
 10254 | Lair:4   | 10254 ||| INVOKING Heroism.
 10706 | Lair:4   | Found a staircase to the Slime Pits.
 10706 | Lair:4   | Found a viscous altar of Jiyva.
 11171 | Lair:4   | 11171 ||| READING scroll labelled UZUZXEOPTU.
 11189 | Lair:5   | Entered Level 5 of the Lair of Beasts
 11190 | Lair:5   | 11190 ||| INVOKING Heroism.
 11198 | Lair:5   | 11198 ||| STAIRDANCE
 11201 | Lair:4   | HP: 20/82 [six-headed hydra (7)]
 11201 | Lair:4   | HP: 7/82 [six-headed hydra (8)]
 11202 | Lair:4   | 11202 ||| READING 2 scrolls of teleportation.
 11202 | Lair:4   | Slain by a six-headed hydra

Levels and vault maps discovered:
D:1:      dpeg_arrival_tiny_a, layout_loops_ring,
          hellmonk_ecumenical_altar_pennies_from_heaven
D:2:      layout_basic, uniq_jessica
D:3:      layout_basic, general_overflow_altar
D:4:      layout_rooms, minmay_temple_entry_statues_pillars
D:5:      layout_basic
D:6:      layout_loops_ring, nicolae_overflow_hidden_temple, st_stairs_14
D:7:      layout_cave_pools, serial_shops, shop, shop
D:8:      layout_basic, lightli_temple_of_fire, dpeg_lair_monsters,
          serial_shops, shop
Temple:   hellmonk_temple_of_storms
Lair:1:   layout_loops_ring
Lair:2:   layout_layer_cave, swamp_mist_pool,
          hellmonk_spider_entry_not_the_bees, lemuel_fruit_fields
Lair:3:   layout_cave_pods, portal_ice_cave_entry_ice_simulacra,
          lemuel_fruit_tree, uniq_gastronok
Lair:4:   layout_small_grid, slime_entry_1
Lair:5:   grunt_lair_end_beastmaster, layout_gridlike,
          maelrawn_ghost_gauntlet_escape, serial_bayou_shore_b,
          grunt_megastairs_5, uniq_urug

Skill      XL: |  1  2  3  4  5  6  7  8  9 10 11 12 13 |
---------------+----------------------------------------+-----
Ranged Weapons | 3 4 5 6 7 8 10 12 13 15 | 15.7
Fighting       | 2 4 5 7 8 9 10 | 10.0
Armour         | 1 2 4 |  4.0
Dodging        | 2 3 5 7 |  7.0
Invocations    | 2 4 5 9 10 | 10.0
Spellcasting   | |  1.0
Hexes          | |  2.6

Action                     |  1- 3 |  4- 6 |  7- 9 | 10-12 | 13-15 || total
---------------------------+-------+-------+-------+-------+-------++-------
   Fire: Sling             |    75 |   255 |    57 |       |       ||   387
         Arbalest          |       |       |   136 |   392 |    84 ||   612
 Invoke: Heroism           |       |       |     8 |    22 |     4 ||    34
         Finesse           |       |       |       |     1 |       ||     1
    Use: Scroll            |     4 |     3 |     5 |     3 |     3 ||    18
         Potion            |       |     3 |     8 |       |       ||    11
 Armour: Robe              |     8 |     6 |    28 |    86 |    25 ||   153
         Ring mail         |       |    59 |       |       |       ||    59
  Dodge: Dodged            |    23 |   103 |    71 |   274 |    75 ||   546

Table legend:
 A = Non-vault XP
 B = Vault XP
 C = Vault XP percentage of total XP
 D = Non-vault monster count
 E = Vault monster count
 F = Vault count percentage of total count
                 A         B        C        D         E       F
            +---------+---------+-------+---------+---------+-------
      Total |   32341 |    5657 |  14.9 |     261 |      21 |   7.4
            +---------+---------+-------+---------+---------+-------
        D:1 |      46 |       0 |   0.0 |      20 |       0 |   0.0
        D:2 |      32 |      37 |  53.6 |      17 |       1 |   5.6
        D:3 |     105 |       0 |   0.0 |      19 |       0 |   0.0
        D:4 |     296 |       0 |   0.0 |      20 |       0 |   0.0
        D:5 |     611 |       0 |   0.0 |      20 |       0 |   0.0
        D:6 |     617 |     126 |  17.0 |      14 |       1 |   6.7
        D:7 |     674 |       0 |   0.0 |      11 |       0 |   0.0
        D:8 |    2395 |    2511 |  51.2 |      37 |       7 |  15.9
     Lair:1 |   10210 |       0 |   0.0 |      38 |       0 |   0.0
     Lair:2 |    3886 |     644 |  14.2 |      15 |       6 |  28.6
     Lair:3 |    8374 |    2033 |  19.5 |      29 |       5 |  14.7
     Lair:4 |    5095 |       0 |   0.0 |      21 |       0 |   0.0
     Lair:5 |       0 |     306 | 100.0 |       0 |       1 | 100.0
            +---------+---------+-------+---------+---------+-------
